Map: [ESL] Goldenaura

Players

Coffee - Winner!

  • Race: Terran Terran
  • Spawn Location: 12:00

Nanami

  • Race: Protoss Protoss
  • Spawn Location: 5:00

Event: ESL SC2 Masters 2024 Spring (Regional)

VOD

Have the link to the VOD?

Description

Time

  • Played on: April 27, 2024, 8:05 a.m.
  • Length: 9:28

All games in this series

Show
View Real Time Build Order
Export as new Build Order

Coffee Terran - Winner!

Build Orders:  

Get SALT Encoding   

  12  0:00  SCV  
  13  0:12  SCV  
  14  0:16  Supply Depot  
  14  0:24  SCV  
  15  0:38  SCV  
  15  0:40  Barracks  
  16  0:43  Refinery  
  16  0:50  SCV  
  17  1:02  SCV  
  18  1:14  SCV  
  19  1:26  Marine  
  19  1:27  Orbital Command  
  20  1:40  Command Center  
  20  1:52  SCV  
  21  1:56  Factory  
  21  2:02  Barracks Reactor  
  21  2:04  SCV  
  21  2:07  Supply Depot  
  22  2:12  Refinery  
  22  2:17  SCV  
  23  2:29  SCV  
  24  2:38  Marine  
  24  2:39  Marine  
  24  2:40  Hellion  
  24  2:41  Starport  
  24  2:44  SCV  
  29  2:56  Marine x2  
  31  3:02  Factory Tech Lab  
  31  3:06  SCV  
  32  3:14  Marine  
  32  3:16  Orbital Command  
  32  3:18  SCV, Barracks  
  34  3:26  Factory Tech Lab, Interference Matrix, Raven  
  36  3:33  SCV  
  37  3:36  Barracks  
  37  3:44  SCV  
  37  3:45  Supply Depot  
  37  3:47  Marine x2  
  40  3:55  SCV  
  41  3:56  SCV  
  42  4:05  Marine x2  
  42  4:06  Supply Depot  
  42  4:07  SCV  
  42  4:08  SCV  
  46  4:13  Engineering Bay, Refinery  
  46  4:15  Stimpack  
  46  4:19  SCV  
  46  4:20  SCV  
  48  4:25  Bunker  
  48  4:31  SCV  
  48  4:32  SCV  
  48  4:34  Marine x2  
  48  4:35  Marine x2  
  48  4:38  Starport Reactor  
  54  4:41  Terran Infantry Weapons Level 1  
  54  4:43  SCV  
  54  4:44  SCV, Supply Depot  
  56  4:46  Factory Reactor  
  56  4:50  Combat Shield  
  56  4:58  Marine x2  
  58  5:00  SCV x2  
  58  5:04  Supply Depot  
  60  5:07  Marauder  
  60  5:08  Marauder  
  60  5:12  SCV x2  
  66  5:18  Marine x2  
  66  5:20  Medivac  
  70  5:25  SCV x2, Medivac  
  70  5:27  Supply Depot  
  74  5:31  Marauder x2  
  78  5:40  Supply Depot  
  78  5:42  Supply Depot  
  78  5:48  SCV x2, Widow Mine x2, Marine x2  
  86  5:59  Supply Depot  
  86  6:02  SCV x2, Marauder x2  
  90  6:07  Medivac x2  
  90  6:08  Marine x2  
  94  6:15  Refinery  
  93  6:20  Widow Mine  
  93  6:21  Widow Mine  
  92  6:28  Barracks  
  92  6:29  Barracks  
  92  6:35  Marauder x2  
  92  6:37  Terran Infantry Armor Level 1  
  92  6:39  Medivac, Marine x2  
  98  6:40  Medivac  
  101  6:52  Widow Mine x2  
  105  6:55  SCV x2  
  105  7:01  Command Center  
  107  7:03  Supply Depot  
  107  7:09  Marauder x2  
  107  7:10  Marine x2  
  107  7:13  Supply Depot  
  113  7:21  Liberator  
  116  7:24  Liberator  
  116  7:29  SCV x2  
  121  7:30  Supply Depot  
  121  7:35  Supply Depot  
  121  7:36  Marine x2, Marauder x2  
  126  7:39  Barracks Tech Lab, Barracks Reactor  
  126  7:41  SCV  
  127  7:54  Widow Mine x2, SCV  
  127  7:55  SCV  
  133  8:03  Liberator  
  136  8:07  Liberator  
  137  8:14  Marauder x3  
  137  8:15  Marine x2  
  137  8:16  Orbital Command  
  147  8:20  SCV x2  
  147  8:22  Marine x2  
  147  8:23  Widow Mine x2  
  153  8:32  SCV x2  
  144  8:37  Marauder x2  
  144  8:41  Marine x2  
  144  8:43  Marine x2  
  144  8:45  Marauder  
  138  8:58  Marauder x2  
  128  9:03  SCV  
  128  9:06  Marauder  
Show
View Real Time Build Order
Export as new Build Order

Nanami Protoss 

Build Orders: 1 Gate Expand, Blink Stalkers 

Get SALT Encoding   

  12  0:00  Probe  
  13  0:12  Probe  
  14  0:17  Pylon  
  14  0:24  Probe (Chrono Boost)  
  15  0:36  Probe (Chrono Boost)  
  15  0:37  Gateway  
  16  0:45  Probe (Chrono Boost)  
  16  0:46  Assimilator  
  17  0:51  Probe  
  18  1:03  Probe  
  19  1:15  Probe  
  20  1:24  Cybernetics Core  
  20  1:32  Nexus  
  20  1:36  Probe  
  21  1:45  Pylon  
  21  1:48  Probe  
  21  1:52  Assimilator  
  21  2:00  Adept (Chrono Boost)  
  21  2:01  Probe  
  22  2:05  Warp Gate  
  24  2:13  Probe  
  25  2:21  Twilight Council  
  25  2:25  Probe  
  26  2:32  Stalker  
  28  2:37  Probe  
  28  2:44  Probe  
  30  2:49  Probe  
  31  2:56  Probe  
  31  2:58  Blink (Chrono Boost), Gateway  
  32  3:01  Probe  
  31  3:08  Probe  
  31  3:12  Shield Battery  
  32  3:14  Probe  
  33  3:20  Probe  
  33  3:26  Robotics Facility, Probe  
  35  3:32  Probe  
  36  3:38  Probe  
  37  3:44  Probe  
  38  3:49  Nexus  
  38  3:51  Probe  
  39  3:56  Probe  
  39  4:00  Pylon, Stalker  
  42  4:04  Probe  
  42  4:07  Stalker  
  42  4:09  Probe  
  46  4:14  Assimilator  
  46  4:16  Observer (Chrono Boost)  
  46  4:18  Probe  
  46  4:21  Probe  
  46  4:24  Stalker  
  51  4:25  Pylon  
  51  4:26  Observer (Chrono Boost)  
  51  4:30  Probe  
  53  4:36  Probe, Gateway  
  54  4:43  Probe  
  55  4:45  Stalker  
  55  4:48  Stalker  
  55  4:50  Probe  
  60  4:55  Probe  
  60  4:56  Pylon, Gateway  
  61  5:02  Probe  
  61  5:03  Probe (Chrono Boost)  
  63  5:08  Probe (Chrono Boost)  
  64  5:14  Probe (Chrono Boost)  
  64  5:18  Forge  
  64  5:20  Probe (Chrono Boost)  
  66  5:21  Probe (Chrono Boost)  
  66  5:24  Probe (Chrono Boost)  
  66  5:25  Gateway  
  66  5:26  Charge (Chrono Boost), Probe (Chrono Boost), Gateway  
  69  5:29  Probe x2 (Chrono Boost)  
  69  5:31  Sentry x2  
  69  5:32  Sentry  
  69  5:34  Probe  
  77  5:43  Gateway x2  
  76  5:50  Pylon  
  76  5:51  Stalker  
  76  5:55  Stalker  
  80  5:58  Stalker x2  
  80  6:00  Probe  
  80  6:01  Protoss Ground Weapons Level 1 (Chrono Boost)  
  80  6:02  Pylon  
  85  6:05  Shield Battery  
  85  6:08  Probe  
  85  6:09  Warp Prism (Chrono Boost)  
  86  6:16  Pylon  
  86  6:26  Zealot x6  
  97  6:32  Probe  
  97  6:33  Probe  
  97  6:36  Phoenix  
  97  6:38  Probe  
  99  6:43  Zealot x2  
  101  6:50  Zealot x4  
  101  6:53  Probe x2  
  105  6:57  Probe  
  105  7:01  Robotics Bay  
  106  7:05  Probe x2  
  106  7:07  Assimilator  
  108  7:09  Probe  
  109  7:29  Pylon  
  109  7:31  Pylon  
  109  7:33  Pylon  
  109  7:35  Pylon  
  109  7:44  Pylon  
  108  7:45  Shield Battery  
  108  7:47  Probe x3  
  108  7:49  Colossus (Chrono Boost)  
  110  7:55  Stalker x3  
  110  7:56  Zealot x4  
  126  8:02  Pylon  
  126  8:08  Zealot  
  127  8:26  Zealot x7  
  131  8:38  Zealot, Colossus (Chrono Boost)  
  111  8:46  Stalker x4  
  111  8:47  Zealot x3  
  123  9:00  Zealot  
  95  9:09  Zealot x7  
  89  9:22  Zealot  
Tags
 
Add a new tag
Caveats
  • Supply blocks, unpowered buildings, or Contaminate may cause inaccurate times.
  • Supply counts are checked every 10 seconds.